 Dungeon Crawl Stone Soup version 0.17.0-24-gcfadda4 (webtiles) character file.

6290 M4edhros the Covert (level 10, -2/58 HPs)
             Began as an Octopode Artificer on Nov 16, 2015.
             Was a Priest of Okawaru.
             Slain by a manticore (3 damage)
             ... on level 11 of the Dungeon.
             The game lasted 00:27:01 (11944 turns).

M4edhros the Covert (Octopode Artificer)           Turns: 11944, Time: 00:27:02

Health: -2/58      AC:  5    Str: 11    XL:     10   Next: 94%
Magic:  17/17      EV: 17    Int: 14    God:    Okawaru [***...]
Gold:   245        SH:  0    Dex: 17    Spells: 0 memorised, 9 levels left

rFire  . . .     SeeInvis .     h - +0 hunting sling (venom)
rCold  + . .     Clarity  .     (no shield)
rNeg   + + .     SustAt   +     (helmet restricted)
rPois  +         Gourm    .     J - amulet of warding
rElec  .         Spirit   .     g - +2 ring of dexterity
rCorr  .         Warding  +     s - ring of sustain attributes
rMut   .         Stasis   .     A - ring of positive energy
MR     +....                    F - ring of protection from magic
Stlth  +++++++...               M - ring of protection from cold
                                (no ring)
                                (no ring)
                                (no ring)

@: somewhat resistant to hostile enchantments, extremely stealthy
A: almost no armour, amphibious, 8 rings, constrict 8, rough black scales 1,
camouflage 1, deterioration 2, poison resistance, gelatinous body 1, evolution 1
a: Heroism, Renounce Religion


You were on level 11 of the Dungeon.
You worshipped Okawaru.
Okawaru was most pleased with you.
You were not hungry.

You visited 2 branches of the dungeon, and saw 12 of its levels.
You also visited: Ossuary.

You collected 503 gold pieces.
You spent 258 gold pieces at shops.

Inventory:

Hand Weapons
 h - a +0 hunting sling of venom (weapon)
 u - a +1 dagger of venom
 L - a +2 whip of electrocution
Missiles
 k - 8 curare-tipped needles
 l - 184 stones
 I - 14 poisoned needles
 O - 21 sling bullets (quivered)
Jewellery
 g - a +2 ring of dexterity (left tentacle)
 s - a ring of sustain attributes (right tentacle)
 A - a ring of positive energy (on tentacle)
 F - a ring of protection from magic (on tentacle)
 J - an amulet of warding (around mantle)
 M - a ring of protection from cold (on tentacle)
Wands
 c - a wand of enslavement (3)
 d - a wand of random effects (25)
 i - a wand of lightning (0)
 q - a wand of random effects (12)
 P - a wand of slowing (7)
Scrolls
 a - a scroll of teleportation
 b - a scroll of magic mapping
 n - 6 scrolls of remove curse
 o - 2 scrolls of amnesia
 p - a scroll of blinking
 r - a scroll of fear
 x - a scroll of random uselessness {unknown}
 y - 5 scrolls of identify
 C - 2 scrolls of noise
 H - a scroll of acquirement {unknown}
 K - a scroll of fog
Potions
 t - 2 potions of curing
 v - a potion of beneficial mutation {unknown}
 w - 2 potions of ambrosia
 z - 3 potions of flight
 B - 2 potions of cure mutation
 D - a potion of cancellation
 G - 2 potions of invisibility {unknown}
 N - a potion of agility
Books
 E - a book of Beasts

   Spells                             Type                      Level
   a - Summon Butterflies             Summoning                    1
   b - Call Canine Familiar           Summoning                    3
   c - Summon Ice Beast               Ice/Summoning                4
   d - Summon Mana Viper              Hexes/Summoning              5
   e - Summon Hydra                   Summoning                    7
Comestibles
 e - 7 bread rations
 f - a royal jelly
 j - 3 beef jerkies
 m - 2 fruits


   Skills:
 - Level 1.0 Fighting
 - Level 1.0 Short Blades
 + Level 7.2 Slings
 + Level 7.7 Dodging
 + Level 12.2 Stealth
 + Level 10.1 Evocations


You had 9 spell levels left.
You didn't know any spells.

Dungeon Overview and Level Annotations

Branches:
Dungeon (11/15)            Temple (1/1) D:7             Orc (0/4) D:10
   Lair: D:8-11

Altars:
Ashenzari
Cheibriados
Elyvilon
Kikubaaqudgha
Makhleb
Nemelex Xobeh
Okawaru
Qazlal
Ru
Sif Muna
Trog
Vehumet
Xom
Zin
The Shining One

Shops:
D:4 %   D:6 }   D:7 *   D:8 *   D:9 (   D:10 !

Annotations:
D:10 UristPineapples's ghost, novice GrFi


Innate Abilities, Weirdness & Mutations

You cannot wear most types of armour.
You are amphibious.
You can wear up to eight rings at the same time.
You can use your tentacles to constrict eight enemies at once.
Your skin changes colour to match your surroundings (Stealth).
Your rubbery body absorbs attacks (AC +1).
You are partially covered in rough black scales (AC +4, Dex -1).
Your body often deteriorates upon taking damage.
Your system is resistant to poisons.
You evolve.


Message History

Firing (i - inventory. (,) - cycle):
O - 23 sling bullets (quivered)
Press: ? - help, Shift-Dir - straight line, f/p - manticore
Aim: a manticore (almost dead, poisoned)
You shoot a sling bullet.
The sling bullet barely misses the manticore.
The manticore bites you. The manticore claws you!
* * * LOW HITPOINT WARNING * * *
Your body deteriorates!
You feel clumsy for a moment. The manticore misses you.
Firing (i - inventory. (,) - cycle):
O - 22 sling bullets (quivered)
Press: ? - help, Shift-Dir - straight line, f/p - manticore
Aim: a manticore (almost dead, poisoned)
You shoot a sling bullet.
The sling bullet hits the manticore but does no damage.
The manticore is almost dead.
The manticore misses you. The manticore claws you!
* * * LOW HITPOINT WARNING * * *
Your body deteriorates!
You feel clumsy for a moment. The manticore claws you.
You die...

#.......##.#
#.......# #
#.......#
#.......#
#.......#
#.......#
#.......#
#####.###
#@# #H# #(#
#(# #(# #(#
.(# (##


You could see a manticore.

Vanquished Creatures
  The ghost of vatarom the Fighter, a novice DrTm of Makhleb (D:9)
  A hill giant (D:10)
  Psyche (D:8)
  A two-headed ogre (D:5)
  Prince Ribbit (D:7)
  2 hippogriffs
  2 deep elf magi
  A centaur (D:7)
  Edmund (D:4)
  4 sky beasts
  2 orc warriors (D:6)
  3 black bears
  2 ogres
  An eye of draining (D:10)
  2 necrophages (D:7)
  An ice beast (D:10)
  The ghost of vatarom the Ducker, an amateur DrTm of Makhleb (D:3)
  A big kobold (D:10)
  5 giant frogs
  A gnoll sergeant (D:10)
  A scorpion (D:4)
  A water moccasin zombie (D:6)
  5 killer bees (D:9)
  An electric eel (D:7)
  5 crimson imps
  A gnoll shaman (D:9)
  A jelly (D:6)
  A quasit (D:4)
  5 orc priests
  A centaur skeleton (D:4)
  A human zombie (Ossuary)
  2 iguanas
  4 orc wizards
  A giant frog zombie (D:5)
  3 hounds
  8 worker ants
  Natasha (thrice) (D:2)
  A hound skeleton (D:7)
  2 mummies (Ossuary)
  A worker ant zombie (D:9)
  11 adders
  8 gnolls
  6 adder zombies
  A worm (D:4)
  3 adder skeletons
  2 giant geckos
  33 orcs
  2 ball pythons
  4 giant cockroaches
  A gnoll zombie (Ossuary)
  3 hobgoblins
  17 jackals
  6 kobolds
  18 bats
  A giant cockroach zombie (D:5)
  A giant gecko zombie (D:9)
  5 giant newts
  14 goblins
  2 goblin zombies (Ossuary)
  2 hobgoblin zombies (Ossuary)
  A jackal skeleton (D:6)
  3 kobold zombies (Ossuary)
  4 quokkas
  4 quokka zombies
  6 rats
  3 rat zombies (Ossuary)
243 creatures vanquished.

Vanquished Creatures (collateral kills)
  A mummy (Ossuary)
  2 goblins (D:5)
3 creatures vanquished.

Vanquished Creatures (others)
  An ogre (D:7)
  An orc (D:4)
  A fire vortex (D:10)
3 creatures vanquished.

Grand Total: 249 creatures vanquished

Notes
Turn   | Place    | Note
--------------------------------------------------------------
     0 | D:1      | M4edhros the Octopode Artificer began the quest for the Orb.
     0 | D:1      | Reached XP level 1. HP: 13/13 MP: 3/3
   178 | D:2      | Found an ancient bone altar of Kikubaaqudgha.
   180 | D:2      | Reached XP level 2. HP: 18/18 MP: 4/4
   378 | D:3      | Reached skill level 4 in Evocations
   378 | D:3      | Reached XP level 3. HP: 21/23 MP: 4/6
   643 | D:3      | Noticed vatarom's ghost (amateur DrTm)
   838 | D:4      | Reached XP level 4. HP: 28/28 MP: 7/7
   927 | D:4      | Noticed a scorpion
   934 | D:4      | Killed a scorpion
   934 | D:4      | Reached skill level 5 in Evocations
   934 | D:4      | Reached XP level 5. HP: 22/33 MP: 8/8
   946 | D:4      | Found a glowing silver altar of Zin.
   971 | D:4      | Found Xoeblumid's Food Shoppe.
  1052 | D:4      | Reached skill level 5 in Stealth
  1325 | D:4      | Noticed Edmund
  1338 | D:4      | Killed Edmund
  1338 | D:4      | Reached skill level 6 in Stealth
  1338 | D:4      | Reached XP level 6. HP: 31/38 MP: 10/10
  1519 | D:5      | Entered Level 5 of the Dungeon
  1654 | D:5      | Noticed a two-headed ogre
  1654 | D:5      | an ogre changed into a two-headed ogre
  1988 | D:5      | Found a bloodstained altar of Trog.
  1996 | D:5      | Killed a two-headed ogre
  1996 | D:5      | Reached skill level 1 in Slings
  1996 | D:5      | Reached skill level 7 in Stealth
  1996 | D:5      | Reached XP level 7. HP: 38/43 MP: 11/11
  2012 | D:5      | Found a sparkling altar of Nemelex Xobeh.
  2024 | D:5      | Found a glowing golden altar of the Shining One.
  2029 | D:5      | Found a shattered altar of Ashenzari.
  2235 | D:6      | HP: 1/43 [acid (12)]
  2323 | D:6      | Found Lipnap's Gadget Shop.
  2393 | D:6      | Found a sand-covered staircase.
  2401 | Ossuary  | Entered an ossuary
  3297 | D:6      | Reached skill level 8 in Stealth
  3297 | D:6      | Reached XP level 8. HP: 48/48 MP: 13/13
  3801 | D:6      | HP: 2/48 [orc warrior/stone (13)]
  4696 | D:6      | Reached skill level 9 in Stealth
  4901 | D:7      | Reached XP level 9. HP: 23/53 MP: 14/14
  5135 | D:7      | Reached skill level 5 in Dodging
  5351 | D:7      | HP: 2/53 [centaur/arrow of flame (10)]
  5796 | D:7      | Found Hynenan's General Store.
  5906 | D:7      | Noticed Prince Ribbit
  5914 | D:7      | Killed Prince Ribbit
  5925 | D:7      | Found a staircase to the Ecumenical Temple.
  5935 | Temple   | Entered the Ecumenical Temple
  6108 | Temple   | Became a worshipper of Xom of Chaos
  6117 | Temple   | Fell from the grace of Xom
  6117 | Temple   | Became a worshipper of Warmaster Okawaru
  6194 | D:7      | Reached skill level 10 in Stealth
  6423 | D:4      | XOM: give mutations
  6423 | D:4      | Gained mutation: You are clumsy. (Dex -2) [Xom's mischief]
  6423 | D:4      | Gained mutation: Your body sometimes deteriorates upon taking damage. [Xom's mischief]
  6588 | D:3      | XOM: summons 4 hostile shadow creatures
  6890 | D:2      | Noticed Natasha
  6897 | D:2      | Killed Natasha
  6897 | D:2      | Reached skill level 5 in Slings
  6940 | D:2      | XOM: polymorph giant gecko -> rat
  7031 | D:2      | Noticed Natasha
  7043 | D:2      | Killed Natasha
  7049 | D:2      | Noticed Natasha
  7053 | D:2      | Killed Natasha
  7184 | D:1      | XOM: polymorph goblin -> hobgoblin
  7514 | D:3      | Killed vatarom's ghost
  7535 | D:3      | XOM: summons 7 hostile demons
  7599 | D:3      | XOM: noise
  7692 | D:3      | XOM: severe Chrm miscast
  8042 | D:7      | XOM: summons 9 hostile demons
  8043 | D:7      | Noticed a red devil
  8043 | D:7      | Noticed a smoke demon
  8198 | D:8      | Found a deep blue altar of Sif Muna.
  8305 | D:8      | Noticed Psyche
  8381 | D:8      | XOM: mild Air miscast
  8607 | D:8      | Killed Psyche
  8607 | D:8      | Reached * piety under Okawaru
  8724 | D:8      | Found Xiwetexu's Assorted Antiques.
  8732 | D:8      | Bought a glowing trident for 94 gold pieces
  8732 | D:8      | Bought a bone wand for 108 gold pieces
  9221 | D:8      | Reached XP level 10. HP: 18/58 MP: 16/16
  9294 | D:7      | Lost mutation: Your body sometimes deteriorates upon taking damage. [potion of cure mutation]
  9294 | D:7      | Lost mutation: You are clumsy. (Dex -2) [potion of cure mutation]
  9296 | D:7      | Gained mutation: Your system is resistant to poisons. [potion of mutation]
  9296 | D:7      | Gained mutation: You possess an exceptional clarity of mind. [potion of mutation]
  9296 | D:7      | Gained mutation: You evolve. [potion of mutation]
  9527 | D:9      | Reached skill level 11 in Stealth
  9926 | D:9      | Found Elen's Antique Weapon Shoppe.
 10053 | D:9      | Noticed vatarom's ghost (novice DrTm)
 10219 | D:9      | XOM: mild Chrm miscast
 10236 | D:9      | Gained mutation: One of your tentacles bears a spike. [evolution]
 10642 | D:10     | Entered Level 10 of the Dungeon
 10642 | D:10     | Found a staircase to the Orcish Mines.
 10704 | D:10     | XOM: 5-stop teleportation journey
 10713 | D:10     | Reached ** piety under Okawaru
 10794 | D:10     | XOM: give mutation
 10794 | D:10     | Lost mutation: One of your tentacles bears a spike. [Xom's mischief]
 10940 | D:10     | Noticed UristPineapples's ghost (novice GrFi)
 11058 | D:10     | XOM: mild Pois miscast
 11368 | D:9      | Killed vatarom's ghost
 11580 | D:10     | Noticed a hill giant
 11596 | D:10     | Killed a hill giant
 11596 | D:10     | Reached *** piety under Okawaru
 11596 | D:10     | Reached skill level 12 in Stealth
 11596 | D:10     | Reached skill level 10 in Evocations
 11598 | D:10     | XOM: mild Fire miscast
 11711 | D:10     | Found Kosowikh's Distillery.
 11732 | D:10     | Bought a potion of agility for 56 gold pieces
 11821 | D:10     | Gained mutation: Your body sometimes deteriorates upon taking damage. [mutagenic meat]
 11822 | D:10     | Gained mutation: You are partially covered in rough black scales (AC +4, Dex -1). [mutagenic meat]
 11824 | D:10     | Lost mutation: You possess an exceptional clarity of mind. [mutagenic meat]
 11825 | D:10     | Gained mutation: Your body often deteriorates upon taking damage. [mutagenic meat]
 11924 | D:11     | Noticed a manticore
 11944 | D:11     | HP: 1/58 [manticore (9)]
 11944 | D:11     | Slain by a manticore

Action                   |  1- 3 |  4- 6 |  7- 9 | 10-12 || total
-------------------------+-------+-------+-------+-------++-------
Melee: Short sword       |    40 |    41 |    73 |       ||   154
       Hunting sling     |       |       |     2 |       ||     2
       Dagger            |       |       |   212 |     1 ||   213
       Whip              |       |       |    30 |     5 ||    35
 Fire: Hunting sling     |       |     3 |   161 |   310 ||   474
Evoke: Wand              |     3 |    31 |    16 |     5 ||    55
  Use: Potion            |       |     3 |     7 |    11 ||    21
       Scroll            |       |       |    10 |     4 ||    14
 Stab: Sleeping          |    10 |     7 |    23 |     1 ||    41
       Distracted        |       |       |     5 |       ||     5
  Eat: Chunk             |       |     2 |     4 |     5 ||    11
       Meat ration       |       |       |     4 |     2 ||     6
       Beef jerky        |       |       |       |     1 ||     1
